PAAA
PHOENIX HOTSPUR RESERVES @ FLORIDA MEN
08/11/2022
 
TOP OF THE 1ST
Phoenix Hotspur Reserves batting - Pitching for Florida Men : RHP Jim Unknown
Pitching: RHP Jim Unknown
Batting: RHB Gabriel Pérez 0-0: Ball
1-0: Foul Ball, location: 2F
1-1: Called Strike
1-2: Ground out 5-3 (Groundball, 56S)
Batting: RHB Ben Anderson 0-0: Ball
1-0: Fly out, F5 (Line Drive, 56)
Batting: SHB Roberto López 0-0: Foul Ball, location: 2F
0-1: Ball
1-1: Swinging Strike
1-2: Ball
2-2: Ball
3-2: Base on Balls
Batting: RHB Martín Martínez 0-0: Swinging Strike
0-1: Foul Ball, location: 2F
0-2: Strikes out swinging
Top of the 1st over - 0 run(s), 0 hit(s), 0 error(s), 1 left on base; Phoenix 0 - Florida 0
BOTTOM OF THE 1ST
Florida Men batting - Pitching for Phoenix Hotspur Reserves : LHP Elroy Gardner
Pitching: LHP Elroy Gardner
Batting: RHB Albert Morales 0-0: Called Strike
0-1: Called Strike
0-2: Ball
1-2: Fly out, F8 (Flyball, 8RD)
Batting: SHB Jim Unknown 0-0: Swinging Strike
0-1: Ball
1-1: Called Strike
1-2: Foul Ball, location: 2F
1-2: Fly out, F9 (Flyball, 89M)
Batting: LHB Mito Rin 0-0: Called Strike
0-1: Called Strike
0-2: SINGLE (Line Drive, 5)
Batting: RHB Jim Unknown 0-0: Ball
1-0: Foul Ball, location: 2F
1-1: Ground out 6-3 (Groundball, 6)
Bottom of the 1st over - 0 run(s), 1 hit(s), 0 error(s), 1 left on base; Phoenix 0 - Florida 0
TOP OF THE 2ND
Phoenix Hotspur Reserves batting - Pitching for Florida Men : RHP Jim Unknown
Batting: RHB Jorge Gonzáles 0-0: DOUBLE (Line Drive, 89XD)
Batting: RHB Júlio Mateo 0-0: Ball
1-0: Foul Ball, location: 2F
1-1: Foul Ball, location: 2F
1-2: Foul Ball, location: 2F
1-2: Ball
2-2: SINGLE (Line Drive, 6M)
Jorge Gonzáles to third
Runner from 3rd tries for Home, SAFE, throw made home
Batting: RHB Ed Sharp 0-0: Ball
1-0: Ball
2-0: Called Strike
2-1: Foul Ball, location: 2F
2-2: Ball
3-2: Foul Ball, location: 2F
3-2: Ground out 5-3 (Groundball, 5S)
Júlio Mateo to second
Batting: SHB Jesús González 0-0: Ball
1-0: Called Strike
1-1: Called Strike
1-2: Ball
2-2: Strikes out swinging
Batting: RHB Alejandro Ibarra 0-0: Fly out, F8 (Popup, 6MD)
Top of the 2nd over - 1 run(s), 2 hit(s), 0 error(s), 1 left on base; Phoenix 1 - Florida 0
BOTTOM OF THE 2ND
Florida Men batting - Pitching for Phoenix Hotspur Reserves : LHP Elroy Gardner
Batting: RHB Carlos Rodríguez 0-0: Ball
1-0: Called Strike
1-1: Ball
2-1: Ball
3-1: Base on Balls
Batting: RHB Frank Collins 0-0: Ball
1-0: Called Strike
1-1: Called Strike
1-2: Ground out 5-3 (Groundball, 56S)
Carlos Rodríguez to second
Batting: RHB Won-min Yi 0-0: Called Strike
0-1: Ball
1-1: Foul Ball, location: 2F
1-2: Foul Ball, location: 2F
1-2: Ball
2-2: Ball
3-2: Fly out, F9 (Flyball, 9S)
Batting: RHB Dave Knight 0-0: Called Strike
0-1: SINGLE (Line Drive, 6MD)
Carlos Rodríguez to third
Runner from 3rd tries for Home, SAFE, throw made home
Dave Knight to second
Batting: RHB Seon-keun Kim 0-0: Ball
1-0: Foul Ball, location: 2F
1-1: Ball
2-1: Foul Ball, location: 2F
2-2: Ground out 5-3 (Groundball, 5S)
Bottom of the 2nd over - 1 run(s), 1 hit(s), 0 error(s), 1 left on base; Phoenix 1 - Florida 1
TOP OF THE 3RD
Phoenix Hotspur Reserves batting - Pitching for Florida Men : RHP Jim Unknown
Batting: RHB Gabriel Pérez 0-0: Ball
1-0: SINGLE (Groundball, 6D)
Batting: RHB Ben Anderson 0-0: Ball
1-0: Ball
2-0: Swinging Strike
2-1: Foul Ball, location: 2F
2-2: Strikes out looking
Batting: SHB Roberto López 0-0: Ball
1-0: Called Strike
1-1: Ball
2-1: Ball
3-1: Foul Ball, location: 2F
3-2: Foul Ball, location: 2F
3-2: Foul Ball, location: 2F
3-2: Strikes out swinging
Batting: RHB Martín Martínez 0-0: Ball
1-0: Fielders Choice at 2nd, U6 (Groundball, 6M)
Top of the 3rd over - 0 run(s), 1 hit(s), 0 error(s), 1 left on base; Phoenix 1 - Florida 1
BOTTOM OF THE 3RD
Florida Men batting - Pitching for Phoenix Hotspur Reserves : LHP Elroy Gardner
Batting: RHB Albert Morales 0-0: Ball
1-0: Swinging Strike
1-1: Foul Ball, location: 2F
1-2: Ball
2-2: Ground out 5-3 (Groundball, 56)
Batting: SHB Jim Unknown 0-0: Called Strike
0-1: Fly out, F1 (Line Drive, 15S)
Batting: LHB Mito Rin 0-0: SINGLE (Line Drive, 78S)
Batting: RHB Jim Unknown 0-0: Foul Ball, location: 2F
0-1: Foul Ball, location: 2F
0-2: Ball
1-2: Ball
2-2: Ball
3-2: Base on Balls
Mito Rin to second
Batting: RHB Carlos Rodríguez 0-0: Swinging Strike
0-1: Ball
1-1: Foul Ball, location: 2F
1-2: Ball
2-2: Foul Ball, location: 2F
2-2: SINGLE (Flyball, 3D)
Mito Rin to third
Jim Unknown to second
Runner from 3rd tries for Home, SAFE, no throw or cutoff
Batting: RHB Frank Collins 0-0: Ball
1-0: Ball
2-0: Ball
3-0: Called Strike
3-1: Base on Balls
Jim Unknown to third
Carlos Rodríguez to second
Batting: RHB Won-min Yi 0-0: Ball
1-0: Ball
2-0: Called Strike
2-1: Ground out 5-3 (Groundball, 5)
Bottom of the 3rd over - 1 run(s), 2 hit(s), 0 error(s), 3 left on base; Phoenix 1 - Florida 2
TOP OF THE 4TH
Phoenix Hotspur Reserves batting - Pitching for Florida Men : RHP Jim Unknown
Batting: RHB Jorge Gonzáles 0-0: Foul Ball, location: 2F
0-1: Called Strike
0-2: Strikes out swinging
Batting: RHB Júlio Mateo 0-0: Ball
1-0: Foul Ball, location: 2F
1-1: Ball
2-1: Ball
3-1: Fly out, F5 (Popup, 5F)
Batting: RHB Ed Sharp 0-0: Called Strike
0-1: Called Strike
0-2: Foul Ball, location: 2F
0-2: Foul Ball, location: 2F
0-2: Ball
1-2: Strikes out swinging
Top of the 4th over - 0 run(s), 0 hit(s), 0 error(s), 0 left on base; Phoenix 1 - Florida 2
BOTTOM OF THE 4TH
Florida Men batting - Pitching for Phoenix Hotspur Reserves : LHP Elroy Gardner
Pitching: LHP Gary Thomas
Batting: RHB Dave Knight 0-0: Ball
1-0: Called Strike
1-1: Ball
2-1: Foul Ball, location: 2F
2-2: Ball
3-2: SINGLE (Line Drive, 89M)
Batting: RHB Seon-keun Kim 0-0: Ball
1-0: Ball
2-0: Ball
3-0: Base on Balls
Dave Knight to second
Batting: RHB Albert Morales 0-0: Fly out, F8 (Flyball, 8RD)
Runner from 2nd tags up, SAFE at 3rd, no throw
Batting: SHB Jim Unknown 0-0: Ball
1-0: Fly out, F9 (Popup, 4D)
Batting: LHB Mito Rin 0-0: Ball
1-0: Ball
2-0: Called Strike
2-1: Swinging Strike
2-2: Fly out, F4 (Line Drive, 4)
Bottom of the 4th over - 0 run(s), 1 hit(s), 0 error(s), 2 left on base; Phoenix 1 - Florida 2
TOP OF THE 5TH
Phoenix Hotspur Reserves batting - Pitching for Florida Men : RHP Jim Unknown
Batting: SHB Jesús González 0-0: Ground out U3 (Groundball, 3S)
Batting: RHB Alejandro Ibarra 0-0: Called Strike
0-1: Swinging Strike
0-2: Ball
1-2: Ball
2-2: Strikes out swinging
Batting: RHB Gabriel Pérez 0-0: Called Strike
0-1: Ball
1-1: Ball
2-1: Fly out, F5 (Line Drive, 5)
Top of the 5th over - 0 run(s), 0 hit(s), 0 error(s), 0 left on base; Phoenix 1 - Florida 2
BOTTOM OF THE 5TH
Florida Men batting - Pitching for Phoenix Hotspur Reserves : LHP Gary Thomas
Batting: RHB Jim Unknown 0-0: Ball
1-0: Called Strike
1-1: Ground out 2-3 (Groundball, 25)
Batting: RHB Carlos Rodríguez 0-0: Fly out, F3 (Popup, 23)
Batting: RHB Frank Collins 0-0: Called Strike
0-1: Swinging Strike
0-2: Strikes out swinging
Bottom of the 5th over - 0 run(s), 0 hit(s), 0 error(s), 0 left on base; Phoenix 1 - Florida 2
TOP OF THE 6TH
Phoenix Hotspur Reserves batting - Pitching for Florida Men : RHP Jim Unknown
Batting: RHB Ben Anderson 0-0: Ball
1-0: Ball
2-0: Foul Ball, location: 2F
2-1: Foul Ball, location: 2F
2-2: Strikes out swinging
Batting: SHB Roberto López 0-0: Ball
1-0: Ball
2-0: Ball
3-0: Base on Balls
Batting: RHB Martín Martínez 0-0: Called Strike
0-1: Fielders Choice at 2nd, 6-4 (Groundball, 6)
Batting: RHB Jorge Gonzáles 0-0: Called Strike
0-1: Ball
1-1: SINGLE (Groundball, 3D)
Martín Martínez to second
Runner from 2nd tries for 3rd, SAFE, no throw or cutoff
Batting: RHB Júlio Mateo 0-0: Ball
1-0: Fly out, F9 (Flyball, 89M)
Top of the 6th over - 0 run(s), 1 hit(s), 0 error(s), 2 left on base; Phoenix 1 - Florida 2
BOTTOM OF THE 6TH
Florida Men batting - Pitching for Phoenix Hotspur Reserves : LHP Gary Thomas
Batting: RHB Won-min Yi 0-0: Called Strike
0-1: Bunted foul
0-2: SINGLE (Line Drive, 78M)
Batting: RHB Dave Knight 0-0: Ball
1-0: Ball
2-0: Bunted foul
2-1: Bunt - Flyout! F2
Batting: RHB Seon-keun Kim 0-0: Ball
1-0: Called Strike
1-1: Called Strike
Won-min Yi is caught stealing 2nd base
1-2: Foul Ball, location: 2F
1-2: SINGLE (Flyball, 9LS)
Batting: RHB Albert Morales 0-0: SINGLE (Popup, 3D)
Seon-keun Kim to second
Runner from 2nd tries for 3rd, SAFE, no throw or cutoff
Batting: SHB Jim Unknown 0-0: Fly out, F7 (Line Drive, 78M)
Bottom of the 6th over - 0 run(s), 3 hit(s), 0 error(s), 2 left on base; Phoenix 1 - Florida 2
TOP OF THE 7TH
Phoenix Hotspur Reserves batting - Pitching for Florida Men : RHP Jim Unknown
Batting: RHB Ed Sharp 0-0: Ground out 6-3 (Groundball, 6)
Batting: SHB Jesús González 0-0: Ball
1-0: Ball
2-0: SINGLE (Groundball, 34D)
Pinch Hitting: RHB Christian O'Neal 0-0: Fly out, F7 (Flyball, 78S)
Batting: RHB Gabriel Pérez 0-0: Fly out, F9 (Flyball, 89S)
Top of the 7th over - 0 run(s), 1 hit(s), 0 error(s), 1 left on base; Phoenix 1 - Florida 2
BOTTOM OF THE 7TH
Florida Men batting - Pitching for Phoenix Hotspur Reserves : LHP Gary Thomas
Now in LF: Christian O'Neal
Batting: LHB Mito Rin 0-0: Ball
1-0: Ball
2-0: Ball
3-0: Base on Balls
Batting: RHB Jim Unknown 0-0: Called Strike
0-1: Ball
1-1: Ball
2-1: SINGLE (Line Drive, 56D)
Mito Rin to second
Batting: RHB Carlos Rodríguez 0-0: Ball
1-0: Swinging Strike
1-1: Ball
2-1: Called Strike
2-2: Grounds into double play, 6-4-3 (Groundball, 6)
Mito Rin to third
Batting: RHB Frank Collins 0-0: Called Strike
0-1: Ball
1-1: Foul Ball, location: 2F
1-2: Ball
2-2: Ball
3-2: SINGLE (Flyball, 78S)
Mito Rin scores
Batting: RHB Won-min Yi 0-0: Ball
1-0: Ball
2-0: Fly out, F6 (Popup, 8LS)
Bottom of the 7th over - 1 run(s), 2 hit(s), 0 error(s), 1 left on base; Phoenix 1 - Florida 3
TOP OF THE 8TH
Phoenix Hotspur Reserves batting - Pitching for Florida Men : RHP Jim Unknown
Batting: RHB Ben Anderson 0-0: Ball
1-0: Foul Ball, location: 2F
1-1: Called Strike
1-2: Ball
2-2: Ball
3-2: Foul Ball, location: 2F
3-2: Foul Ball, location: 2F
3-2: Fly out, F8 (Flyball, 8RS)
Batting: SHB Roberto López 0-0: Called Strike
0-1: Ball
1-1: Foul Ball, location: 2F
1-2: Ball
2-2: Ball
3-2: SINGLE (Groundball, 34)
Pitching: RHP Jim Unknown
Batting: RHB Martín Martínez 0-0: Called Strike
0-1: Ball
1-1: Foul Ball, location: 2F
1-2: Foul Ball, location: 2F
1-2: Ball
2-2: DOUBLE (Flyball, 78XD)
Roberto López to third
Runner from 3rd tries for Home, SAFE, no throw or cutoff
Batting: RHB Jorge Gonzáles 0-0: Ball
Wild Pitch!
Martín Martínez to third
1-0: Ground out 4-3 (Groundball, 4M)
Batting: RHB Júlio Mateo 0-0: Ball
1-0: Called Strike
1-1: Foul Ball, location: 2F
1-2: Strikes out swinging
Top of the 8th over - 1 run(s), 2 hit(s), 0 error(s), 1 left on base; Phoenix 2 - Florida 3
BOTTOM OF THE 8TH
Florida Men batting - Pitching for Phoenix Hotspur Reserves : LHP Gary Thomas
Batting: RHB Dave Knight 0-0: Called Strike
0-1: Ball
1-1: Fly out, F8 (Flyball, 8LM)
Batting: RHB Seon-keun Kim 0-0: Called Strike
0-1: Fly out, F6 (Line Drive, 6)
Batting: RHB Albert Morales 0-0: Called Strike
0-1: Fly out, F5 (Popup, 2L)
Bottom of the 8th over - 0 run(s), 0 hit(s), 0 error(s), 0 left on base; Phoenix 2 - Florida 3
TOP OF THE 9TH
Phoenix Hotspur Reserves batting - Pitching for Florida Men : RHP Jim Unknown
Pinch Hitting: RHB Andre Dixon 0-0: Swinging Strike
0-1: Foul Ball, location: 2F
0-2: SINGLE (Flyball, 9LM)
Batting: SHB Jesús González 0-0: Ball
1-0: Bunt missed!
1-1: Sac Bunt - play at first, batter OUT! 2-4
Andre Dixon to second
Batting: RHB Christian O'Neal 0-0: Ground out 1-3 (Groundball, 15S)
Batting: RHB Gabriel Pérez 0-0: SINGLE (Line Drive, 78S)
Andre Dixon to third
Runner from 3rd tries for Home, SAFE, no throw or cutoff
Batting: RHB Ben Anderson 0-0: Called Strike
0-1: Ball
1-1: Called Strike
1-2: DOUBLE (Flyball, 78D)
Gabriel Pérez to third
Gabriel Pérez scores
Batting: SHB Roberto López 0-0: Ground out U3 (Groundball, 3L)
Top of the 9th over - 2 run(s), 3 hit(s), 0 error(s), 1 left on base; Phoenix 4 - Florida 3
BOTTOM OF THE 9TH
Florida Men batting - Pitching for Phoenix Hotspur Reserves : LHP Gary Thomas
Pitching: RHP Pat McCormick
Now at C: Mike Alford
Now at 2B: John Boatner
Batting: SHB Jim Unknown 0-0: Ball
1-0: Swinging Strike
1-1: Foul Ball, location: 2F
1-2: Ball
2-2: Foul Ball, location: 2F
2-2: Ball
3-2: Ground out 6-3 (Groundball, 6M)
Batting: LHB Mito Rin 0-0: Ball
1-0: Called Strike
1-1: Ball
2-1: Swinging Strike
2-2: Fly out, F6 (Popup, 6MD)
Batting: RHB Jim Unknown 0-0: Called Strike
0-1: Foul Ball, location: 2F
0-2: Ball
1-2: Strikes out swinging
Bottom of the 9th over - 0 run(s), 0 hit(s), 0 error(s), 0 left on base; Phoenix 4 - Florida 3
This league is powered by Out of the Park Baseball, the baseball management simulation game for PC, Mac and Linux
Friday, April 15th, 2016 - OOTP Baseball 16.9 Build 39